[Event "Titled Tuesday Blitz March 22 Late 2022"]
[White "Ozates, Tuna"]
[Black "Kostiukov, Alexandr"]
[WhiteFideId "6354521"]
[BlackFideId "14108100"]
[WhiteElo "1887"]
[BlackElo "2202"]
[Result "1-0"]
[Round "09"]
[TimeControl "180+1"]
[Date "2022.03.22"]
[WhiteClock "0:01:05"]
[BlackClock "0:00:10"]

1. d4 g6 2. e4 Bg7 3. Nc3 d6 4. f4 c5 5. dxc5 Qa5 6. Bd2 Qxc5 7. Nd5 Na6 8. Nf3 Nf6 9. Bc3 Nxd5 10. Bxg7 Ne3 11. Qd2 Nxc2+ 12. Kd1 Nxa1 13. Bxh8 Be6 14. Bd4 Qb4 15. Bxa6 Qxd2+ 16. Kxd2 bxa6 17. Rxa1 f6 18. b3 Kd7 19. Rc1 a5 20. Be3 a4 21. bxa4 Bxa2 22. Nd4 a6 23. Rc2 Bf7 24. Rb2 Rc8 25. Rb7+ Rc7 26. Rxc7+ Kxc7 27. Kc3 e5 28. fxe5 dxe5 29. Nb3 Bxb3 30. Kxb3 f5 31. Kc4 Kd6 32. Kb4 Kc6 33. Ka5 Kb7 34. g3 fxe4 35. g4 h5 36. gxh5 gxh5 37. h4 Kc6 38. Kxa6 Kd5 39. Kb5 Ke6 40. Kc6 Kf5 41. Kd5 Kg4 42. Kxe4 Kxh4 43. Kxe5 Kg4 44. Bf4 h4 45. a5 1-0


[Site "https://www.chess.com"]

[Event "Titled Tuesday Blitz March 22 Late 2022"]
[White "Papasimakopoulos, Alexandros"]
[Black "Lazavik, Denis"]
[WhiteFideId "4244125"]
[BlackFideId "13515110"]
[WhiteElo "2340"]
[BlackElo "2437"]
[Result "0-1"]
[Round "09"]
[TimeControl "180+1"]
[Date "2022.03.22"]
[WhiteClock "0:00:03"]
[BlackClock "0:00:10"]

1. d4 Nf6 2. c4 e6 3. Nc3 Bb4 4. Qc2 O-O 5. a3 Bxc3+ 6. Qxc3 d5 7. Bg5 c5 8. cxd5 cxd4 9. Qxd4 Nc6 10. Bxf6 Nxd4 11. Bxd8 Nc2+ 12. Kd2 Nxa1 13. Be7 Re8 14. d6 Nb3+ 15. Kc3 Nc5 16. Kd4 b6 17. b4 Nb7 18. e4 a5 19. Bb5 Nxd6 20. Bxd6 Rd8 21. e5 axb4 22. a4 Bd7 23. Nf3 Bxb5 24. axb5 f6 25. Rb1 Ra4 26. Ke3 fxe5 27. Bxe5 Rd5 28. Rc1 b3 29. Rc8+ Kf7 30. Rc7+ Ke8 31. Bxg7 Rxb5 32. Ne5 b2 0-1


[Site "https://www.chess.com"]

[Event "Titled Tuesday Blitz March 22 Late 2022"]
[White "Perez Torres, Nabi Isaias"]
[Black "Ferreira, Vitor Hugo Vieira"]
[WhiteFideId "5120373"]
[BlackFideId "2119765"]
[WhiteElo "1755"]
[BlackElo "2165"]
[Result "1/2-1/2"]
[Round "09"]
[TimeControl "180+1"]
[Date "2022.03.22"]
[WhiteClock "0:00:17"]
[BlackClock "0:00:53"]

1. d4 d5 2. c4 c6 3. Nc3 Nf6 4. e3 e6 5. Nf3 Nbd7 6. Bd3 Bd6 7. e4 dxc4 8. Bxc4 e5 9. dxe5 Nxe5 10. Nxe5 Bxe5 11. Qxd8+ Kxd8 12. f3 Ke7 13. Ke2 Be6 14. Bxe6 Kxe6 15. Be3 b6 16. Rac1 Rhd8 17. g3 Rd7 18. g4 Rad8 19. h4 h5 20. g5 Ne8 21. Nd1 c5 22. f4 Bd4 23. Nc3 Bxc3 24. Rxc3 Nd6 25. Kf3 Nb5 26. Rc4 g6 27. Rhc1 Nd4+ 28. Kf2 Nb5 29. a4 Nd6 30. R4c2 Nxe4+ 31. Kf3 Nd2+ 32. Ke2 Nb3 33. Re1 Kf5 34. Kf2 Re8 35. Rc3 Nd4 36. Rd1 Re4 37. Rcd3 Rde7 38. b4 Nc2 39. Bc1 Nxb4 40. Rd7 Kg4 41. R7d2 Rxf4+ 42. Kg2 Rfe4 43. Kf2 Nc6 44. Rd5 Nd4 45. Rg1+ Kxh4 46. Rh1+ Kg4 47. Rg1+ Kh4 48. Rh1+ Kg4 49. Rg1+ Kh3 50. Rh1+ Kg4 1/2-1/2


[Site "https://www.chess.com"]

[Event "Titled Tuesday Blitz March 22 Late 2022"]
[White "Petesch, Gabriel"]
[Black "Papp, Petra"]
[WhiteFideId "2032465"]
[BlackFideId "739049"]
[WhiteElo "2374"]
[BlackElo "2259"]
[Result "1-0"]
[Round "09"]
[TimeControl "180+1"]
[Date "2022.03.22"]
[WhiteClock "0:00:07"]
[BlackClock "0:00:03"]

1. d4 Nf6 2. Nf3 c5 3. e3 g6 4. Bd3 Bg7 5. O-O O-O 6. b4 cxd4 7. exd4 d5 8. b5 Bf5 9. a4 Nbd7 10. Re1 Rc8 11. Ba3 Re8 12. Nbd2 Nb6 13. Bc5 Nfd7 14. a5 Nxc5 15. Bxf5 gxf5 16. axb6 axb6 17. dxc5 Bxa1 18. Qxa1 bxc5 19. Qe5 e6 20. Qg3+ Kh8 21. Ne5 Qf6 22. Nd7 Qg7 23. Qh4 e5 24. Nf6 Re6 25. Nxd5 Rg8 26. g3 Rh6 27. Qe7 e4 28. Nf1 Qd4 29. c4 Re6 30. Qxf7 Qe5 31. Qxb7 Rd6 32. b6 f4 33. Qc7 Rxd5 34. cxd5 Qxc7 35. bxc7 Rc8 36. d6 c4 37. d7 c3 38. dxc8=Q+ Kg7 39. Qd7+ 1-0


[Site "https://www.chess.com"]

[Event "Titled Tuesday Blitz March 22 Late 2022"]
[White "Petrova, Irina"]
[Black "P., Komal Kishore"]
[WhiteFideId "14124122"]
[BlackFideId "5016703"]
[WhiteElo "1993"]
[BlackElo "2083"]
[Result "1-0"]
[Round "09"]
[TimeControl "180+1"]
[Date "2022.03.22"]
[WhiteClock "0:00:54"]
[BlackClock "0:00:01"]

1. e4 c6 2. d4 d5 3. e5 Bf5 4. h4 h5 5. c4 e6 6. Nc3 Nd7 7. Bg5 Be7 8. Bxe7 Nxe7 9. cxd5 cxd5 10. Nge2 Nc6 11. Nb5 Qa5+ 12. Nec3 O-O-O 13. Nd6+ Kb8 14. Nxf7 Nb4 15. Rc1 Nb6 16. Nxd8 Rxd8 17. Be2 Be4 18. O-O g5 19. hxg5 Rg8 20. Nxe4 dxe4 21. Qd2 Qa4 22. b3 Qa3 23. f3 exf3 24. Bxf3 N4d5 25. Bxd5 Nxd5 26. g6 Rxg6 27. Qc2 a6 28. Qxg6 1-0


[Site "https://www.chess.com"]

[Event "Titled Tuesday Blitz March 22 Late 2022"]
[White "Pichot, Alan"]
[Black "Svane, Rasmus"]
[WhiteFideId "110973"]
[BlackFideId "4657101"]
[WhiteElo "2579"]
[BlackElo "2645"]
[Result "1-0"]
[Round "09"]
[TimeControl "180+1"]
[Date "2022.03.22"]
[WhiteClock "0:00:43"]
[BlackClock "0:00:22"]

1. e4 c6 2. Nf3 d5 3. d3 dxe4 4. dxe4 Qxd1+ 5. Kxd1 Nf6 6. Nfd2 g5 7. a4 h5 8. c3 g4 9. Na3 Bh6 10. Bd3 Nbd7 11. Nb3 Ne5 12. Bc2 Be6 13. Nd4 O-O-O 14. Bxh6 Rxh6 15. Ke2 Bd7 16. Rad1 c5 17. Nf5 Bxf5 18. exf5 h4 19. Rxd8+ Kxd8 20. Ke3 Ne8 21. Kf4 f6 22. Rd1+ Kc8 23. Bb3 Nd6 24. Be6+ Kc7 25. Nc2 h3 26. g3 Nf3 27. Ne3 Ne5 28. Nxg4 Nxg4 29. Kxg4 Rh7 30. Kf4 b6 31. g4 a6 32. b4 c4 33. Ke3 Rh8 34. f4 Rh4 35. Kf3 Kd8 36. g5 fxg5 37. fxg5 Ke8 38. g6 Kf8 39. Rxd6 exd6 40. f6 1-0


[Site "https://www.chess.com"]

[Event "Titled Tuesday Blitz March 22 Late 2022"]
[White "Pinheiro, Iung Alicio de O."]
[Black "Prohorov, Olexandr"]
[WhiteFideId "2104350"]
[BlackFideId "14105578"]
[WhiteElo "2542"]
[BlackElo "1993"]
[Result "0-1"]
[Round "09"]
[TimeControl "180+1"]
[Date "2022.03.22"]
[WhiteClock "0:00:02"]
[BlackClock "0:00:14"]

1. c4 g6 2. g3 Bg7 3. Bg2 f5 4. Nc3 Nf6 5. d3 O-O 6. e4 d6 7. Nge2 Nc6 8. O-O e5 9. Nd5 Nxd5 10. cxd5 Ne7 11. d4 fxe4 12. dxe5 Bg4 13. e6 c6 14. Bxe4 Qb6 15. Qd3 cxd5 16. Bg2 Bf5 17. Qd1 Bxb2 18. Bxb2 Qxb2 19. Nd4 Be4 20. Bxe4 dxe4 21. Rb1 Qxa2 22. Rxb7 Rae8 23. Nb5 e3 24. fxe3 Rxf1+ 25. Qxf1 Qxe6 26. Qd3 Nc6 27. Nxd6 Ne5 28. Qb3 Qxb3 29. Rxb3 Re7 30. Kg2 Rd7 31. Ne4 Kg7 32. Rb2 Nc4 33. Re2 Re7 34. Kf3 Ne5+ 35. Kg2 Nc4 36. Kf3 a5 37. Nf2 Rf7+ 38. Kg2 a4 39. e4 Ra7 40. e5 Kf7 41. e6+ Ke7 42. Nd3 a3 43. Ra2 Kxe6 44. Nb4 Kd6 45. Rc2 Kc5 46. Na2 Kd4 47. Rf2 Rb7 48. Nc1 Rb2 49. Kf3 Rb1 0-1


[Site "https://www.chess.com"]

[Event "Titled Tuesday Blitz March 22 Late 2022"]
[White "Rolfe, Warrick"]
[Black "Boyer, Mahel"]
[WhiteFideId "2603802"]
[BlackFideId "45102422"]
[WhiteElo "2573"]
[BlackElo "2328"]
[Result "0-1"]
[Round "09"]
[TimeControl "180+1"]
[Date "2022.03.22"]
[WhiteClock "0:00:18"]
[BlackClock "0:00:11"]

1. e4 Nc6 2. Nc3 d5 3. Nxd5 f5 4. Nc3 Nf6 5. d3 e5 6. Bg5 Bb4 7. Bxf6 Qxf6 8. a3 Bc5 9. Nd5 Qf7 10. Nf3 O-O 11. Be2 h6 12. b4 Bd6 13. c4 fxe4 14. dxe4 a5 15. b5 Nd4 16. h3 Qg6 17. Nxd4 exd4 18. Bf3 c6 19. Nb6 Rb8 20. Nxc8 Rbxc8 21. O-O cxb5 22. cxb5 Rc3 23. Bg4 Qxe4 24. Qe1 Qxe1 25. Rfxe1 Bxa3 26. Re5 b6 27. Bf3 d3 28. Rd1 Bc5 29. Rd5 Rc2 30. Rxc5 Rxc5 31. Bc6 Rd8 32. Kf1 d2 33. Ke2 Re5+ 34. Kf3 Re1 0-1


[Site "https://www.chess.com"]

[Event "Titled Tuesday Blitz March 22 Late 2022"]
[White "Romanchuk, Viktor"]
[Black "Rozman, Levy"]
[WhiteFideId "14109271"]
[BlackFideId "2039877"]
[WhiteElo "2242"]
[BlackElo "2376"]
[Result "0-1"]
[Round "09"]
[TimeControl "180+1"]
[Date "2022.03.22"]
[WhiteClock "0:00:10"]
[BlackClock "0:00:48"]

1. d4 d5 2. c4 e5 3. dxe5 d4 4. Nf3 Nc6 5. Nbd2 Bb4 6. a3 Bxd2+ 7. Qxd2 Be6 8. b3 a5 9. Bb2 a4 10. b4 Bxc4 11. Nxd4 Nxe5 12. Rc1 Qd5 13. Qc3 O-O-O 14. f4 Nf6 15. fxe5 Qxe5 16. Qxc4 Rd7 17. g3 Ng4 18. Bh3 h5 19. Rc2 Rhd8 20. Bxg4 hxg4 21. O-O Qe3+ 22. Rf2 c6 23. b5 Rxd4 24. Bxd4 Rxd4 25. Qxf7 Rd1+ 26. Kg2 Qe4+ 27. Rf3 gxf3+ 28. Qxf3 Qxc2 29. bxc6 Qxc6 0-1


[Site "https://www.chess.com"]

[Event "Titled Tuesday Blitz March 22 Late 2022"]
[White "Rostovtsev, Dmitry"]
[Black "Chigaev, Maksim"]
[WhiteFideId "34278320"]
[BlackFideId "4108116"]
[WhiteElo "2359"]
[BlackElo "2502"]
[Result "1-0"]
[Round "09"]
[TimeControl "180+1"]
[Date "2022.03.22"]
[WhiteClock "0:00:38"]
[BlackClock "0:00:03"]

1. e4 c6 2. d4 d5 3. Nc3 dxe4 4. Nxe4 Nf6 5. Nxf6+ exf6 6. c3 Bd6 7. Bd3 O-O 8. Qc2 Re8+ 9. Ne2 h5 10. O-O Nd7 11. Bf4 Nf8 12. Bxd6 Qxd6 13. Ng3 h4 14. Ne4 Qc7 15. h3 Ne6 16. Rfe1 Bd7 17. Bc4 b6 18. Qd2 Rad8 19. Rad1 Nf4 20. Re3 Bf5 21. Rde1 Bxe4 22. Rxe4 Rxe4 23. Rxe4 g5 24. Qe3 Ng6 25. Bb3 Kg7 26. Re8 Rxe8 27. Qxe8 Nf4 28. Kf1 c5 29. dxc5 bxc5 30. Bc4 Ng6 31. Qe4 Ne5 32. Bd5 Ng6 33. Bc4 Qh2 34. Ke1 a5 35. a4 Qb8 36. b3 Qc7 37. Bd3 Ne5 38. Bb5 Qd6 39. Ke2 Ng6 40. Ke1 Nf4 41. Bc4 Qd7 42. Bb5 f5 43. Qxf4 Qe6+ 44. Qe3 Qxb3 45. Qxg5+ 1-0


[Site "https://www.chess.com"]

[Event "Titled Tuesday Blitz March 22 Late 2022"]
[White "Rudykh, Stepan"]
[Black "Piesik, Piotr"]
[WhiteFideId "4180321"]
[BlackFideId "1136194"]
[WhiteElo "2160"]
[BlackElo "2190"]
[Result "0-1"]
[Round "09"]
[TimeControl "180+1"]
[Date "2022.03.22"]
[WhiteClock "0:00:13"]
[BlackClock "0:01:29"]

1. e4 g6 2. d4 Bg7 3. Nc3 c6 4. f4 d5 5. Nf3 dxe4 6. Nxe4 Bg4 7. c3 Nf6 8. Bd3 Nxe4 9. Bxe4 Nd7 10. h3 Nf6 11. Bd3 Bxf3 12. Qxf3 Qd5 13. Qe2 O-O 14. O-O c5 15. dxc5 Qxc5+ 16. Be3 Qc7 17. f5 Rad8 18. fxg6 hxg6 19. Rad1 Nh5 20. Rf3 Rd7 21. Bc2 Rxd1+ 22. Bxd1 Ng3 23. Qf2 Nf5 24. Bxa7 Rd8 25. Bb3 Qe5 26. Bb6 Rd7 27. g4 Nd6 28. Bd4 Qg5 29. Bxg7 Kxg7 30. Bxf7 Ne4 31. Qc2 Qc5+ 32. Kg2 Rd2+ 0-1


[Site "https://www.chess.com"]

[Event "Titled Tuesday Blitz March 22 Late 2022"]
[White "Sanchez Alvares, Kelvin Antonio"]
[Black "Kujawski, Adam"]
[WhiteFideId "3906680"]
[BlackFideId "1100920"]
[WhiteElo "2193"]
[BlackElo "2053"]
[Result "1-0"]
[Round "09"]
[TimeControl "180+1"]
[Date "2022.03.22"]
[WhiteClock "0:01:05"]
[BlackClock "0:00:09"]

1. e4 e5 2. Nf3 Nc6 3. Bb5 a6 4. Ba4 Nf6 5. O-O Be7 6. Re1 b5 7. Bb3 d6 8. a4 Rb8 9. Nc3 O-O 10. Nd5 h6 11. axb5 axb5 12. Nxf6+ Bxf6 13. d3 Bg4 14. Be3 Nd4 15. Bxd4 exd4 16. h3 Be6 17. Bd5 Qe8 18. Ra6 c5 19. Rxd6 Qe7 20. e5 Bxe5 21. Rxe6 fxe6 22. Rxe5 Rf6 23. Qe2 Re8 24. Bc6 Ref8 25. Bxb5 Rxf3 26. gxf3 Rf6 27. Bc4 Rg6+ 28. Kh2 Kh7 29. Bxe6 1-0


[Site "https://www.chess.com"]

[Event "Titled Tuesday Blitz March 22 Late 2022"]
[White "Sapunov, Evgeny"]
[Black "Buchenau, Frank"]
[WhiteFideId "4126661"]
[BlackFideId "4604350"]
[WhiteElo "2470"]
[BlackElo "2193"]
[Result "0-1"]
[Round "09"]
[TimeControl "180+1"]
[Date "2022.03.22"]
[WhiteClock "0:01:13"]
[BlackClock "0:01:24"]

1. c4 e5 2. Nf3 Nc6 3. Nc3 Nf6 4. e3 Bb4 5. Qc2 d6 6. Nd5 Bc5 7. a3 Bb6 8. b4 Nxd5 9. cxd5 Ne7 10. Bc4 O-O 11. Bb2 Bg4 12. h3 Bh5 13. d3 c6 14. dxc6 bxc6 15. Bb3 a5 16. g4 Bg6 17. h4 h5 18. gxh5 Bxh5 19. Ng5 axb4 20. axb4 Rxa1+ 21. Bxa1 Qd7 22. Rg1 Nd5 23. b5 Nb4 24. Qc4 c5 25. Qe4 g6 26. f4 d5 27. Qg2 Nxd3+ 28. Kf1 c4 29. Bc2 Bxe3 30. fxe5 Qf5+ 0-1


[Site "https://www.chess.com"]

[Event "Titled Tuesday Blitz March 22 Late 2022"]
[White "Schuster, Karsten"]
[Black "Winkels, Marcel"]
[WhiteFideId "4611071"]
[BlackFideId "1003887"]
[WhiteElo "2367"]
[BlackElo "1900"]
[Result "1-0"]
[Round "09"]
[TimeControl "180+1"]
[Date "2022.03.22"]
[WhiteClock "0:01:41"]
[BlackClock "0:00:23"]

1. d4 d5 2. c4 e6 3. cxd5 exd5 4. Nc3 c6 5. Qc2 Nf6 6. Bg5 Be7 7. e3 Nbd7 8. Bd3 O-O 9. Nf3 h6 10. Bh4 Re8 11. O-O Nf8 12. Rab1 a5 13. a3 Be6 14. b4 axb4 15. axb4 Qd7 16. b5 Ng4 17. bxc6 bxc6 18. Bxe7 Qxe7 19. Na4 Rac8 20. Nc5 Nf6 21. Ne5 N8d7 22. Rb7 Qd8 23. Ncxd7 Bxd7 24. Nxd7 Nxd7 25. Bf5 Re7 26. Rfb1 g6 27. Bh3 c5 28. dxc5 Rxc5 29. Rxd7 Rxd7 30. Qxc5 Rc7 31. Qd4 Rc4 32. Qe5 Qc7 33. Rb8+ 1-0


[Site "https://www.chess.com"]

[Event "Titled Tuesday Blitz March 22 Late 2022"]
[White "Shimanov, Aleksandr"]
[Black "Jobava, Baadur"]
[WhiteFideId "4198603"]
[BlackFideId "13601520"]
[WhiteElo "2636"]
[BlackElo "2617"]
[Result "0-1"]
[Round "09"]
[TimeControl "180+1"]
[Date "2022.03.22"]
[WhiteClock "0:00:04"]
[BlackClock "0:01:23"]

1. e4 c6 2. Nf3 d5 3. d3 Bg4 4. h3 Bh5 5. g4 Bg6 6. Qe2 dxe4 7. dxe4 e5 8. Nc3 Nd7 9. h4 f6 10. h5 Bf7 11. g5 Qb6 12. Bh3 O-O-O 13. a4 a5 14. b3 Bb4 15. Bd2 Kc7 16. O-O-O Nc5 17. h6 Nxb3+ 18. Kb2 Ba3+ 19. Kxa3 Qb4+ 20. Kb2 Nxd2+ 21. Kc1 Qa3# 0-1


[Site "https://www.chess.com"]

[Event "Titled Tuesday Blitz March 22 Late 2022"]
[White "Sliwicki, Damian"]
[Black "Papp, Levente"]
[WhiteFideId "1127128"]
[BlackFideId "751243"]
[WhiteElo "2067"]
[BlackElo "2308"]
[Result "0-1"]
[Round "09"]
[TimeControl "180+1"]
[Date "2022.03.22"]
[WhiteClock "0:00:01"]
[BlackClock "0:00:13"]

1. e4 e6 2. d4 d5 3. Nc3 Bb4 4. Qd3 Ne7 5. Bd2 O-O 6. O-O-O Nbc6 7. Nf3 Bxc3 8. Bxc3 dxe4 9. Qxe4 Qd5 10. Bd3 Qxe4 11. Bxe4 Rd8 12. Rhe1 Nd5 13. Bd2 b5 14. a4 a6 15. Ne5 Nxe5 16. dxe5 Bb7 17. Ba5 Rdc8 18. Kb1 c5 19. b3 Bc6 20. f3 bxa4 21. Bxd5 Bxd5 22. bxa4 c4 23. Bc3 g5 24. Ka2 h5 25. Rb1 Kg7 26. Rb6 Kg6 27. Reb1 g4 28. fxg4 hxg4 29. h3 g3 30. Be1 Bxg2 31. h4 Be4 32. Bxg3 Bxc2 33. Rg1 Kh7 34. Bf4 c3 35. Rb7 Bg6 36. Bg5 c2 37. Kb2 Rab8 38. Rxb8 Rxb8+ 39. Ka2 Rb1 40. Rc1 Rb4 41. Ka3 Re4 42. Kb2 Rxa4 43. Bf6 Rb4+ 44. Kc3 Rb1 45. Kd2 a5 46. h5 Bf5 47. Bg5 a4 48. Kc3 a3 49. Rxc2 Bxc2 50. Kxc2 a2 0-1


[Site "https://www.chess.com"]

[Event "Titled Tuesday Blitz March 22 Late 2022"]
[White "Spata, German"]
[Black "Martin Barcelo, Carles"]
[WhiteFideId "113026"]
[BlackFideId "24561444"]
[WhiteElo "2238"]
[BlackElo "1875"]
[Result "1-0"]
[Round "09"]
[TimeControl "180+1"]
[Date "2022.03.22"]
[WhiteClock "0:00:15"]
[BlackClock "0:00:01"]

1. Nf3 Nf6 2. b3 g6 3. Bb2 Bg7 4. e3 O-O 5. Be2 d5 6. c4 c5 7. cxd5 Nxd5 8. Bxg7 Kxg7 9. O-O Nc6 10. Qc1 b6 11. d4 Bb7 12. dxc5 Rc8 13. cxb6 Qxb6 14. Na3 Kg8 15. Nc4 Qc7 16. Rd1 Nb6 17. Qb2 Ba6 18. Rac1 Qb7 19. Nxb6 Qxb6 20. Bxa6 Qxa6 21. Rc4 Rb8 22. Rh4 Rfd8 23. Rf1 Rb4 24. Rxb4 Nxb4 25. Qe5 e6 26. Qf6 Qd6 27. Ne5 Rf8 28. Ng4 h5 29. Nh6+ Kh7 30. Nxf7 Qd7 31. Ng5+ Kg8 32. Qxg6+ Kh8 33. Qxh5+ Kg8 34. Qg6+ Kh8 35. Nxe6 Re8 36. Ng5 1-0


[Site "https://www.chess.com"]

[Event "Titled Tuesday Blitz March 22 Late 2022"]
[White "Taboas Rodriguez, Daniel"]
[Black "Martinez Reyes, Pedro Ramon"]
[WhiteFideId "2208466"]
[BlackFideId "3901807"]
[WhiteElo "2429"]
[BlackElo "2410"]
[Result "1-0"]
[Round "09"]
[TimeControl "180+1"]
[Date "2022.03.22"]
[WhiteClock "0:00:03"]
[BlackClock "0:00:02"]

1. d4 d5 2. Nf3 Nf6 3. c4 dxc4 4. e3 c5 5. Bxc4 cxd4 6. O-O e6 7. exd4 Nc6 8. Nc3 Be7 9. Bg5 O-O 10. Rc1 h6 11. Be3 Nb4 12. Qd2 Bd7 13. Ne5 Rc8 14. Bb3 Bc6 15. Rfe1 Bd5 16. Nxd5 Nbxd5 17. a3 Nxe3 18. fxe3 Qb6 19. Ba2 Ne4 20. Qe2 Nd6 21. Bb1 Rxc1 22. Rxc1 Rc8 23. Rxc8+ Nxc8 24. Qc2 g6 25. Qxc8+ Kg7 26. Qc3 g5 27. Qc2 f5 28. Qc4 Qxb2 29. Bd3 Qd2 30. Qxe6 Qxe3+ 31. Kf1 Qc1+ 32. Ke2 Qb2+ 33. Kf3 g4+ 34. Kg3 f4+ 35. Kxf4 Qf2+ 36. Ke4 Qxg2+ 37. Kf5 Qf2+ 38. Kxg4 h5+ 39. Kh3 Qe3+ 40. Kg2 Qd2+ 41. Kf3 Qd1+ 42. Ke4 Qh1+ 43. Kf5 Qe1 44. Qf7+ Kh6 45. Qg6# 1-0


[Site "https://www.chess.com"]

[Event "Titled Tuesday Blitz March 22 Late 2022"]
[White "Tan, Jun Ying"]
[Black "Rosenberg, Evan S"]
[WhiteFideId "5710413"]
[BlackFideId "2019299"]
[WhiteElo "1827"]
[BlackElo "2343"]
[Result "1-0"]
[Round "09"]
[TimeControl "180+1"]
[Date "2022.03.22"]
[WhiteClock "0:00:11"]
[BlackClock "0:00:07"]

1. d4 Nf6 2. c4 e6 3. Nc3 Bb4 4. e3 O-O 5. Ne2 d5 6. a3 Be7 7. cxd5 exd5 8. Nf4 c6 9. Bd3 Re8 10. O-O Bg4 11. f3 Bc8 12. Bc2 Nbd7 13. e4 Nf8 14. e5 N6d7 15. Qe1 Ng6 16. e6 Ndf8 17. exf7+ Kxf7 18. Qf2 Bd6 19. Nh5 Qh4 20. Ng3 Nf4 21. Bd2 Nh5 22. f4 Bg4 23. Nxh5 Qxf2+ 24. Kxf2 Bxh5 25. Rae1 Rxe1 26. Rxe1 Re8 27. Rxe8 Kxe8 28. f5 h6 29. h3 Kd7 30. g4 Bf7 31. Kf3 Nh7 32. h4 Nf6 33. Bf4 h5 34. g5 Ng4 35. Bxd6 Kxd6 36. Kf4 a6 37. b4 b6 38. Na4 Kc7 39. Bd1 Nf2 40. Be2 Kb7 41. g6 Be8 42. Bxh5 c5 43. bxc5 Bxa4 44. f6 Nd3+ 45. Ke3 gxf6 46. g7 Nf4 47. Kxf4 1-0


[Site "https://www.chess.com"]

[Event "Titled Tuesday Blitz March 22 Late 2022"]
[White "Tari, Aryan"]
[Black "Andreikin, Dmitry"]
[WhiteFideId "1510045"]
[BlackFideId "4158814"]
[WhiteElo "2567"]
[BlackElo "2736"]
[Result "0-1"]
[Round "09"]
[TimeControl "180+1"]
[Date "2022.03.22"]
[WhiteClock "0:00:04"]
[BlackClock "0:00:23"]

1. e4 c5 2. Nc3 a6 3. f4 b5 4. g3 Bb7 5. Bg2 e6 6. d3 d5 7. f5 d4 8. fxe6 fxe6 9. Nce2 Nf6 10. Nf4 e5 11. Ne6 Qe7 12. Nxf8 Rxf8 13. Nf3 Nc6 14. O-O O-O-O 15. a4 b4 16. a5 Kb8 17. Nd2 Bc8 18. Nc4 Be6 19. Nb6 Kc7 20. Bg5 Kd6 21. c4 h6 22. Bd2 Ng4 23. Nd5 Rxf1+ 24. Qxf1 Qf7 25. Qxf7 Bxf7 26. h3 Ne3 27. Nxe3 dxe3 28. Bxe3 Be6 29. Bf3 Bxh3 30. g4 Rf8 31. Be2 Nd4 32. Bxd4 exd4 33. Re1 Rf4 34. Kh2 Bxg4 35. Kg3 Bxe2 36. Kxf4 Bxd3 37. Rg1 g5+ 38. Kf5 Bxc4 39. e5+ Ke7 40. Rh1 Bd3+ 41. Kg4 Be2+ 42. Kg3 h5 43. Kf2 d3 44. Ke3 h4 45. Rc1 h3 46. Rxc5 g4 47. Rc7+ Ke6 48. Rc6+ Kxe5 49. Rxa6 h2 50. Rh6 g3 51. a6 g2 0-1


[Site "https://www.chess.com"]

[Event "Titled Tuesday Blitz March 22 Late 2022"]
[White "Terletsky, Oleg"]
[Black "Ardila, Oscar Humberto"]
[WhiteFideId "14116774"]
[BlackFideId "4404742"]
[WhiteElo "2064"]
[BlackElo "1966"]
[Result "1-0"]
[Round "09"]
[TimeControl "180+1"]
[Date "2022.03.22"]
[WhiteClock "0:01:14"]
[BlackClock "0:01:18"]

1. e4 e5 2. Nf3 Nf6 3. Nc3 Nc6 4. d4 exd4 5. Nxd4 Bb4 6. Nxc6 bxc6 7. Bd3 d5 8. exd5 cxd5 9. O-O O-O 10. Bg5 c6 11. Qf3 Bd6 12. Bxf6 Qxf6 13. Qxf6 gxf6 14. Ne2 Be5 15. Rab1 Rb8 16. b3 a5 17. a4 Bg4 18. Ng3 Rfe8 19. Nf5 Kf8 20. h3 Bh5 21. f4 Bc7 22. Ng3 Bb6+ 23. Kh2 Bg6 24. f5 Kg7 25. Rf3 Bc7 26. fxg6 fxg6 27. Rbf1 f5 28. Kh1 Re7 29. Bxf5 Bxg3 30. Rxg3 Rf8 31. Bd3 Rxf1+ 32. Bxf1 Re1 33. Kg1 Rc1 34. Rc3 Kf6 35. Rxc6+ Ke5 36. Kf2 Kd4 37. Bd3 Rd1 38. Ra6 Rd2+ 39. Kg3 g5 40. Rxa5 Ke5 41. Bc4 Rxc2 42. Rxd5+ Kf6 43. a5 Rc3+ 44. Kh2 h5 45. a6 Rc1 46. Ra5 1-0


[Site "https://www.chess.com"]

[Event "Titled Tuesday Blitz March 22 Late 2022"]
[White "Tregubov, Pavel V."]
[Black "Przybylski, Wojciech"]
[WhiteFideId "4115341"]
[BlackFideId "1117599"]
[WhiteElo "2341"]
[BlackElo "2133"]
[Result "1-0"]
[Round "09"]
[TimeControl "180+1"]
[Date "2022.03.22"]
[WhiteClock "0:00:07"]
[BlackClock "0:00:03"]

1. e4 e5 2. Nf3 Nc6 3. Bb5 Nf6 4. d4 exd4 5. O-O a6 6. Bc4 Bc5 7. e5 d5 8. exf6 dxc4 9. fxg7 Rg8 10. Bg5 Qd5 11. Re1+ Be6 12. Bf6 Kd7 13. Nbd2 Rae8 14. Ne4 Bg4 15. Be5 Be7 16. Nc3 Bxf3 17. Nxd5 Bxd1 18. Raxd1 Nxe5 19. Rxe5 Bd8 20. Rxe8 Kxe8 21. Rxd4 Rxg7 22. Rxc4 f6 23. Kf1 Rd7 24. Re4+ Kf7 25. Ne3 c6 26. Ke2 Bc7 27. h3 Be5 28. c3 Bc7 29. Nf5 h5 30. g4 hxg4 31. hxg4 Bb6 32. a4 Bc5 33. Rc4 Bf8 34. Re4 a5 35. b4 Rd5 36. Ne3 Rd7 37. bxa5 Rd8 38. Nc4 Ra8 39. Rd4 Ke6 40. f4 Be7 41. f5+ Kf7 42. Rd7 Rh8 43. Rxb7 Rh2+ 44. Kf3 Rh3+ 45. Ke4 Rxc3 46. Nd6+ Kf8 47. Nc8 Bc5 48. a6 Re3+ 49. Kf4 Ra3 50. Nb6 Bxb6 51. Rxb6 Rxa4+ 52. Kf3 Ke7 53. Rxc6 Kf7 54. Rb6 Kg7 55. Kg3 Kf7 56. Kh4 Kg7 57. Kh5 Ra1 58. Rb7+ Kf8 59. a7 Ra6 60. Rb8+ Kg7 61. a8=Q Rxa8 62. Rxa8 1-0


[Site "https://www.chess.com"]

[Event "Titled Tuesday Blitz March 22 Late 2022"]
[White "Van den Dikkenberg, Erik"]
[Black "Dolzhykova, Kateryna"]
[WhiteFideId "1005880"]
[BlackFideId "14113414"]
[WhiteElo "2118"]
[BlackElo "2184"]
[Result "0-1"]
[Round "09"]
[TimeControl "180+1"]
[Date "2022.03.22"]
[WhiteClock "0:00:01"]
[BlackClock "0:00:05"]

1. e4 c5 2. Be2 Nc6 3. f4 g6 4. Nf3 Bg7 5. O-O d6 6. c3 Bg4 7. d3 e6 8. Nbd2 Nge7 9. Qe1 O-O 10. Qg3 f5 11. h3 Bxf3 12. Nxf3 d5 13. e5 Qd7 14. Qh4 b5 15. a3 d4 16. cxd4 Nxd4 17. Nxd4 cxd4 18. Bd2 Nd5 19. Bf3 Rfc8 20. Bb4 Nxb4 21. Bxa8 Nxd3 22. Bf3 Nxb2 23. Rac1 Nc4 24. Rfd1 Bf8 25. Qf2 Bxa3 26. Rxd4 Qxd4 27. Qxd4 Bc5 28. Qxc5 Rxc5 29. Rd1 b4 30. Rd8+ Kf7 31. Rd7+ Ke8 32. Rxa7 b3 33. Rb7 b2 34. Be2 Ra5 35. Bxc4 Ra1+ 36. Kf2 b1=Q 37. Rxb1 Rxb1 38. Bxe6 Rb4 39. g3 Ke7 40. Bg8 h6 41. Bd5 g5 42. Kf3 Rd4 43. Bg8 gxf4 44. gxf4 Rd3+ 45. Kg2 h5 46. Bh7 Rd4 47. Kf3 Rd3+ 48. Kg2 h4 49. Bxf5 Rg3+ 50. Kf2 Ra3 51. Ke2 Kf7 52. Kf2 Ke7 53. Ke2 Kd8 54. Kf2 Kc7 55. Ke2 Kc6 56. Bd3 Kd5 57. Ke3 Rb3 58. e6 Kxe6 59. Ke4 Rb4+ 60. Ke3 Kd5 61. f5 Ke5 62. Ke2 Rb2+ 63. Kf3 Rb3 64. Ke3 Ra3 65. Ke2 Kd4 66. Bb5 Rxh3 67. f6 Re3+ 68. Kf2 Re5 69. Bd7 Re4 70. Kf3 Ke5 71. f7 Rf4+ 72. Kg2 Rxf7 73. Kh3 Rxd7 74. Kxh4 Kf4 75. Kh3 Rd2 76. Kh4 Rh2# 0-1


[Site "https://www.chess.com"]